Kraken vs Jets

Created - 5 février 2024 at 12:06

Goals
1 2 3 T
Kraken 1 0 0 1
Jets 0 1 4 5
Shots
1 2 3 T
Kraken 5 10 12 27
Jets 13 11 17 41

GoalsPenalties
1st period
1. Kraken , Oliver Bjorkstrand 23 (Barclay Goodrow 20, Vladimir Tarasenko 25) at 2:25
Vladimir Tarasenko (SEA) for Roughing (Double Minor) at 9:52
2nd period
2. Jets , T.J. Brodie 2 (Kaapo Kakko 11, Kirill Kaprizov 35) at 16:15
Seth Jones (SEA) for Tripping (Minor) at 7:09
Josh Brown (WPG) for Boarding (Minor) at 12:43
3rd period
3. Jets , Connor Dewar 7 (Josh Brown 8) at 7:14
4. Jets , Lawson Crouse 14 (Kevin Fiala 33, Dougie Hamilton 22) at 9:37
5. Jets , Mark Scheifele 26 (Adam Larsson 19) at 16:44
6. Jets , Tyler Bertuzzi 12 (Tomas Tatar 18, T.J. Brodie 11) at 18:55
Radek Faksa (SEA) for High sticking (Minor) at 4:42
Adam Larsson (WPG) for Fighting (Major) at 18:56
Seth Jones (SEA) for Fighting (Major) at 18:56
Adam Larsson (WPG) for instigated a fight (Minor) at 18:56
Adam Larsson (WPG) for instigated a fight (10 Minutes Misconduct) at 18:56
Goalie Stats
Frederik Andersen (SEA), 36 saves from 41 shots - (0,878), L, 29-23-3, 60:00 minutes
Tristan Jarry (WPG), 26 saves from 27 shots - (0,963), W, 31-18-8, 60:00 minutes
3 StarsOfficial
1 - T.J. Brodie (WPG)
2 - Mark Scheifele (WPG)
3 - Tristan Jarry (WPG)
Referees : Eric Furlatt and Ghislain Hebert
Linesman : Dan Kelly and Lisa Linnek
Game Note
Adam Larsson beats up Seth Jones at 18:56 of 3rd period
Finance
Level 1 -- Attendance: 5944 (99%) -- Ticket Income $475,520
Level 2 -- Attendance: 3518 (70%) -- Ticket Income $211,080
Level 3 -- Attendance: 2545 (100%) -- Ticket Income $89,075
Level 4 -- Attendance: 2824 (71%) -- Ticket Income $56,480
Luxury Box -- Attendance: 1000 (100%) -- Ticket Income $200,000
Game was played at the MTS Centre.
Total Attendance: 15831 (85%)
Total Ticket Income: $1,032,155
Other Income: $309,646
Total Income: $1,341,801



Team Name Goals Shots Shots Attemp Shots Blocked PIM HIT PP PK FO%
Kraken 12771813180 / 2 (0%)049%
Jets 541701519180 / 4 (0%)051%

Kraken
Player Name POS G A P +/- PIM HIT SHT SB MP PP MP PP SHT PK MP PK SHT FO% FOT GA TA
Alexei ToropchenkoLW/RW000-2000012:080:0001:070100% 200
Artturi LehkonenLW/RW000-2031019:531:3803:31033% 310
Barclay GoodrowC/LW0110001020:210:0003:26044% 2500
Christopher TanevD0000000016:250:0003:2900% 000
Connor MurphyD000-4010220:370:2603:2900% 020
Curtis LazarC/RW0000001010:220:0003:58050% 400
David PerronLW/RW000-1014015:491:3810:0000% 000
Ian ColeD000-3011021:351:2904:1000% 001
Jonas BrodinD000-1022026:162:3604:1000% 003
Justin HollD0001001113:070:0000:1800% 001
Oliver BjorkstrandLW/RW1010024016:311:2400:0700% 110
Radek FaksaC/LW000-3212015:140:0002:18050% 800
Ryan DonatoC/LW000-2000311:010:0000:0000% 010
Ryan HartmanC/RW000-2043018:011:3811:27052% 2120
Ryan PoehlingC/LW000001208:021:2400:00060% 501
Seth JonesD000-1711122:321:3300:1800% 012
Vladimir TarasenkoRW0110412117:561:2400:0000% 110
Zach Aston-ReeseLW/RW000000206:090:0000:000100% 100
Jets
Player Name POS G A P +/- PIM HIT SHT SB MP PP MP PP SHT PK MP PK SHT FO% FOT GA TA
Adam LarssonD01121722126:575:0601:4200% 002
Anze KopitarC0001010220:453:5202:00056% 2510
Connor DewarC/LW1011032011:440:5300:15050% 400
Dougie HamiltonD0112001225:165:0600:0000% 001
Josh BrownD0111202010:460:1700:2100% 000
Kaapo KakkoRW0111000118:453:5200:0000% 000
Kevin FialaLW/RW0112007019:003:1700:00050% 211
Kirill KaprizovLW0111013018:453:5200:000100% 220
Lawson CrouseLW/RW1012012118:493:1200:00050% 201
Mark ScheifeleC1012029119:453:1210:56052% 3102
Max ComtoisLW000000007:550:0000:0000% 300
Nate SchmidtD0001001011:430:4301:1300% 000
Nick FolignoC/LW/RW0000003010:390:4701:5700% 000
Samuel GirardD0001013622:292:2600:5900% 002
T.J. BrodieD1121022123:092:1601:4900% 000
Tomas TatarLW/RW0111012010:080:0000:0000% 110
Trent FredericLW/RW000002107:550:0000:0000% 010
Tyler BertuzziLW/RW1011021012:260:5400:5600% 120

Kraken

5 vs 5 Forward
Line #Left WingCenterRight WingPHYDFOFWanted %Time %Time Play
1David PerronRyan HartmanArtturi Lehkonen0233534%16:51
2Oliver BjorkstrandBarclay GoodrowVladimir Tarasenko0233531%15:00
3Alexei ToropchenkoRadek FaksaRyan Donato1222522%11:01
4Zach Aston-ReeseRyan PoehlingCurtis Lazar122513%6:09
5 vs 5 Defense
Line #DefenseDefensePHYDFOFWanted %Time %Time Play
1Seth JonesJonas Brodin0324041%20:09
2Ian ColeConnor Murphy0323535%17:15
3Christopher TanevJustin Holl0322524%11:37
4Seth JonesJonas Brodin13100%0:00
Power Play Forward
Line #Left WingCenterRight WingPHYDFOFWanted %Time %Time Play
1David PerronRyan HartmanArtturi Lehkonen0055054%1:38
2Oliver BjorkstrandRyan PoehlingVladimir Tarasenko0055046%1:24
Power Play Defense
Line #DefenseDefensePHYDFOFWanted %Time %Time Play
1Seth JonesJonas Brodin0236086%2:36
2Connor MurphyIan Cole0234014%0:26
Penalty Kill 4 Players Forward
Line #CenterWingPHYDFOFWanted %Time %Time Play
1Radek FaksaBarclay Goodrow1315056%4:26
2Curtis LazarArtturi Lehkonen1315044%3:31
Penalty Kill 4 Players Defense
Line #DefenseDefensePHYDFOFWanted %Time %Time Play
1Ian ColeJonas Brodin0325052%4:10
2Connor MurphyChristopher Tanev0325048%3:47
Penalty Kill 3 Players
Line #WingPHYDFOFWanted %Time %Time PlayDefenseDefensePHYDFOFWanted %Time %Time Play
1Radek Faksa050500%0:00 Ian ColeJonas Brodin050600%0:00
2Barclay Goodrow050500%0:00 Connor MurphyJustin Holl050400%0:00
4 vs 4 Forward
Line #CenterWingPHYDFOFWanted %Time %Time Play
1Ryan HartmanDavid Perron014500%0:00
2Barclay GoodrowOliver Bjorkstrand014500%0:00
4 vs 4 Defense
Line #DefensePHYDFOFWanted %Time %Time Play
1Seth JonesJonas Brodin032500%0:00
2Connor MurphyChristopher Tanev032500%0:00
Last Minutes Offensive
Left WingCenterRight WingDefenseDefense
David PerronRyan HartmanVladimir TarasenkoSeth JonesJustin Holl
Last Minutes Defensive
Left WingCenterRight WingDefenseDefense
Radek FaksaBarclay GoodrowArtturi LehkonenJustin HollChristopher Tanev
Time
Total ForwardTotal DefenseLast Minutes OffensiveLast Minutes Defensive
60:00 60:00 0:000:00
Extra Forwards
Normal PowerPlayPenalty Kill
Ryan Hartman, David Perron, Vladimir TarasenkoRyan Hartman, David PerronBarclay Goodrow
Extra Defensemen
Normal PowerPlayPenalty Kill
Seth Jones, Justin Holl, Connor MurphySeth Jones, Justin HollConnor Murphy
Penalty Shots
Vladimir Tarasenko, David Perron, Ryan Hartman, Oliver Bjorkstrand, Artturi Lehkonen
Goalie
Frederik Andersen, Matt Murray
Scratches
Evgeny Svechnikov (Healthy), Brad Hunt (Healthy)

Jets

5 vs 5 Forward
Line #Left WingCenterRight WingPHYDFOFWanted %Time %Time Play
1Lawson CrouseMark ScheifeleKevin Fiala1133733%16:05
2Kirill KaprizovAnze KopitarKaapo Kakko1133530%14:53
3Tyler BertuzziConnor DewarTomas Tatar1132221%10:08
4Trent FredericMax ComtoisNick Foligno113616%7:55
5 vs 5 Defense
Line #DefenseDefensePHYDFOFWanted %Time %Time Play
1Dougie HamiltonAdam Larsson1224040%19:28
2Samuel GirardT.J. Brodie1313438%18:27
3Nate SchmidtJosh Brown2301618%9:02
4Dougie HamiltonAdam Larsson023104%2:04
Power Play Forward
Line #Left WingCenterRight WingPHYDFOFWanted %Time %Time Play
1Lawson CrouseMark ScheifeleKevin Fiala0056551%4:05
2Kirill KaprizovAnze KopitarKaapo Kakko0053549%3:52
Power Play Defense
Line #DefenseDefensePHYDFOFWanted %Time %Time Play
1Dougie HamiltonAdam Larsson0057071%5:41
2T.J. BrodieSamuel Girard0053029%2:16
Penalty Kill 4 Players Forward
Line #CenterWingPHYDFOFWanted %Time %Time Play
1Anze KopitarNick Foligno05065100%3:02
2Connor DewarLawson Crouse050350%0:00
Penalty Kill 4 Players Defense
Line #DefenseDefensePHYDFOFWanted %Time %Time Play
1Adam LarssonT.J. Brodie0506560%1:49
2Josh BrownNate Schmidt0503540%1:13
Penalty Kill 3 Players
Line #WingPHYDFOFWanted %Time %Time PlayDefenseDefensePHYDFOFWanted %Time %Time Play
1Anze Kopitar050600%0:00 T.J. BrodieAdam Larsson050600%0:00
2Mark Scheifele050400%0:00 Josh BrownNate Schmidt050400%0:00
4 vs 4 Forward
Line #CenterWingPHYDFOFWanted %Time %Time Play
1Anze KopitarKirill Kaprizov113600%0:00
2Mark ScheifeleKevin Fiala113400%0:00
4 vs 4 Defense
Line #DefensePHYDFOFWanted %Time %Time Play
1Dougie HamiltonAdam Larsson113600%0:00
2Samuel GirardT.J. Brodie113400%0:00
Last Minutes Offensive
Left WingCenterRight WingDefenseDefense
Lawson CrouseMark ScheifeleKevin FialaDougie HamiltonAdam Larsson
Last Minutes Defensive
Left WingCenterRight WingDefenseDefense
Connor DewarAnze KopitarNick FolignoSamuel GirardT.J. Brodie
Time
Total ForwardTotal DefenseLast Minutes OffensiveLast Minutes Defensive
60:00 60:00 0:000:00
Extra Forwards
Normal PowerPlayPenalty Kill
Kirill Kaprizov, Kevin Fiala, Mark ScheifeleMark Scheifele, Kirill KaprizovMark Scheifele
Extra Defensemen
Normal PowerPlayPenalty Kill
Dougie Hamilton, Adam Larsson, Samuel GirardDougie Hamilton, Adam LarssonT.J. Brodie
Penalty Shots
Kirill Kaprizov, Mark Scheifele, Kevin Fiala, Anze Kopitar, Dougie Hamilton
Goalie
Tristan Jarry, Connor Ingram
Scratches
None


Play-by-Play

1st period


0:01 of 1st period - Ryan Hartman wins face-off versus Mark Scheifele in neutral zone.
0:04 of 1st period - Kevin Fiala is hit by Ryan Hartman and loses puck.
0:15 of 1st period - Wrist shot by Kevin Fiala.
0:15 of 1st period - Shot Misses the Net.
0:17 of 1st period - Snap shot by Mark Scheifele.
0:17 of 1st period - Stopped by Frederik Andersen with a rebound.
0:27 of 1st period - Anze Kopitar is hit by Vladimir Tarasenko and loses puck.
0:52 of 1st period - Radek Faksa is hit by Tyler Bertuzzi and loses puck.
1:20 of 1st period - Snap shot by Nick Foligno.
1:20 of 1st period - Stopped by Frederik Andersen with a rebound.
1:33 of 1st period - Icing by Connor Murphy.
1:34 of 1st period - Ryan Hartman wins face-off versus Kevin Fiala in Kraken zone.
1:45 of 1st period - Snap shot by Kevin Fiala.
1:45 of 1st period - Stopped by Frederik Andersen with a rebound.
1:47 of 1st period - Slapshot by Nate Schmidt.
1:47 of 1st period - Shot Misses the Net.
1:49 of 1st period - Wrist shot by Lawson Crouse.
1:49 of 1st period - Stopped by Frederik Andersen without a rebound.
1:50 of 1st period - Alexei Toropchenko wins face-off versus Anze Kopitar in Kraken zone.
2:19 of 1st period - Snap shot by Oliver Bjorkstrand.
2:19 of 1st period - Shot Blocked by Samuel Girard.
2:25 of 1st period - Slapshot by Oliver Bjorkstrand.
2:25 of 1st period - Goal by Oliver Bjorkstrand - Kraken : 1 - Jets : 0.
2:26 of 1st period - Ryan Hartman wins face-off versus Mark Scheifele in neutral zone.
3:00 of 1st period - Backhand shot by Anze Kopitar.
3:00 of 1st period - Shot Misses the Net.
3:16 of 1st period - Snap shot by Zach Aston-Reese.
3:16 of 1st period - Stopped by Tristan Jarry with a rebound.
3:18 of 1st period - Wrist shot by Justin Holl.
3:18 of 1st period - Shot Misses the Net.
3:20 of 1st period - Slapshot by Justin Holl.
3:20 of 1st period - Deflect By Ryan Poehling.
3:20 of 1st period - Shot Misses the Net.
3:20 of 1st period - Puck is out of play.
3:21 of 1st period - Zach Aston-Reese wins face-off versus Lawson Crouse in Jets zone.
3:26 of 1st period - Snap shot by Zach Aston-Reese.
3:26 of 1st period - Stopped by Tristan Jarry with a rebound.
3:58 of 1st period - Icing by Josh Brown.
3:59 of 1st period - Ryan Hartman wins face-off versus Connor Dewar in Jets zone.
4:54 of 1st period - Wrist shot by Connor Dewar.
4:54 of 1st period - Shot Misses the Net.
4:56 of 1st period - Slapshot by Josh Brown.
4:56 of 1st period - Stopped by Frederik Andersen without a rebound.
4:57 of 1st period - Mark Scheifele wins face-off versus Barclay Goodrow in Kraken zone.
5:28 of 1st period - Slapshot by Dougie Hamilton.
5:28 of 1st period - Deflect By Connor Murphy.
5:28 of 1st period - Stopped by Frederik Andersen without a rebound.
5:29 of 1st period - Radek Faksa wins face-off versus Anze Kopitar in Kraken zone.
5:36 of 1st period - Wrist shot by Ryan Donato.
5:36 of 1st period - Shot Misses the Net.
5:38 of 1st period - Slapshot by Christopher Tanev.
5:38 of 1st period - Shot Misses the Net.
6:06 of 1st period - Wrist shot by Oliver Bjorkstrand.
6:06 of 1st period - Deflect By Vladimir Tarasenko.
6:06 of 1st period - Shot Misses the Net.
6:06 of 1st period - Puck is out of play.
6:07 of 1st period - Ryan Hartman wins face-off versus Max Comtois in Jets zone.
6:16 of 1st period - Snap shot by Artturi Lehkonen.
6:16 of 1st period - Shot Misses the Net.
6:18 of 1st period - Slapshot by Connor Murphy.
6:18 of 1st period - Deflect By David Perron.
6:18 of 1st period - Stopped by Tristan Jarry without a rebound.
6:19 of 1st period - Anze Kopitar wins face-off versus Barclay Goodrow in Jets zone.
7:18 of 1st period - Wrist shot by Kevin Fiala.
7:18 of 1st period - Shot Misses the Net.
7:44 of 1st period - Connor Murphy is hit by Trent Frederic and loses puck.
8:02 of 1st period - Slapshot by T.J. Brodie.
8:02 of 1st period - Stopped by Frederik Andersen without a rebound.
8:03 of 1st period - Mark Scheifele wins face-off versus Vladimir Tarasenko in Kraken zone.
8:10 of 1st period - Slapshot by Kevin Fiala.
8:10 of 1st period - Stopped by Frederik Andersen without a rebound.
8:11 of 1st period - Kevin Fiala wins face-off versus Barclay Goodrow in Kraken zone.
8:18 of 1st period - Wrist shot by Mark Scheifele.
8:18 of 1st period - Stopped by Frederik Andersen with a rebound.
8:30 of 1st period - Wrist shot by Mark Scheifele.
8:30 of 1st period - Stopped by Frederik Andersen without a rebound.
8:31 of 1st period - Ryan Hartman wins face-off versus Anze Kopitar in Kraken zone.
9:05 of 1st period - Wrist shot by Vladimir Tarasenko.
9:05 of 1st period - Stopped by Tristan Jarry without a rebound.
9:06 of 1st period - Mark Scheifele wins face-off versus Barclay Goodrow in Jets zone.
9:06 of 1st period - Mark Scheifele is hit by Oliver Bjorkstrand.
9:14 of 1st period - Oliver Bjorkstrand is hit by Lawson Crouse and loses puck.
9:41 of 1st period - Connor Murphy is hit by Tyler Bertuzzi and loses puck.
9:52 of 1st period - Double Minor Penalty to Vladimir Tarasenko for Roughing.
9:53 of 1st period - Curtis Lazar wins face-off versus Mark Scheifele in Kraken zone.
13:52 of 1st period - Penalty to Vladimir Tarasenko is over, Vladimir Tarasenko is back on ice.
14:11 of 1st period - Max Comtois is hit by Radek Faksa and loses puck.
14:50 of 1st period - Radek Faksa is hit by Trent Frederic and loses puck.
15:22 of 1st period - Snap shot by Trent Frederic.
15:22 of 1st period - Shot Misses the Net.
15:24 of 1st period - Wrist shot by Nick Foligno.
15:24 of 1st period - Stopped by Frederik Andersen without a rebound.
15:25 of 1st period - Anze Kopitar wins face-off versus Artturi Lehkonen in Kraken zone.
15:38 of 1st period - Snap shot by Kirill Kaprizov.
15:38 of 1st period - Shot Misses the Net.
15:52 of 1st period - Jonas Brodin is hit by Mark Scheifele and loses puck.
16:20 of 1st period - Artturi Lehkonen is hit by Kirill Kaprizov and loses puck.
17:06 of 1st period - Kevin Fiala is hit by Artturi Lehkonen and loses puck.
17:52 of 1st period - Alexei Toropchenko is hit by Tomas Tatar.
17:53 of 1st period - Icing by Alexei Toropchenko.
17:54 of 1st period - Connor Dewar wins face-off versus Ryan Poehling in Kraken zone.
17:59 of 1st period - Ryan Donato is hit by Connor Dewar and loses puck.
19:42 of 1st period - Snap shot by Mark Scheifele.
19:42 of 1st period - Stopped by Frederik Andersen with a rebound.
19:54 of 1st period - Snap shot by Kevin Fiala.
19:54 of 1st period - Stopped by Frederik Andersen without a rebound.
19:55 of 1st period - Ryan Poehling wins face-off versus Anze Kopitar in Kraken zone.
Goals for this period are 1 for Kraken vs 0 for Jets.
Shots for this period are 5 for Kraken vs 13 for Jets.

2nd period


0:01 of 2nd period - Barclay Goodrow wins face-off versus Anze Kopitar in neutral zone.
0:04 of 2nd period - Snap shot by Vladimir Tarasenko.
0:04 of 2nd period - Shot Blocked by Samuel Girard.
0:12 of 2nd period - Wrist shot by Barclay Goodrow.
0:12 of 2nd period - Shot Blocked by Samuel Girard.
0:14 of 2nd period - Slapshot by Seth Jones.
0:14 of 2nd period - Shot Misses the Net.
0:16 of 2nd period - Snap shot by Barclay Goodrow.
0:16 of 2nd period - Stopped by Tristan Jarry without a rebound.
0:17 of 2nd period - Lawson Crouse wins face-off versus Radek Faksa in Jets zone.
0:35 of 2nd period - Seth Jones is hit by Mark Scheifele and loses puck.
1:46 of 2nd period - Slapshot by Adam Larsson.
1:46 of 2nd period - Stopped by Frederik Andersen with a rebound.
2:06 of 2nd period - Backhand shot by Mark Scheifele.
2:06 of 2nd period - Shot Misses the Net.
2:52 of 2nd period - Wrist shot by Vladimir Tarasenko.
2:52 of 2nd period - Shot Misses the Net.
2:54 of 2nd period - Slapshot by Connor Murphy.
2:54 of 2nd period - Shot Misses the Net.
3:16 of 2nd period - Seth Jones is hit by T.J. Brodie.
3:46 of 2nd period - Kirill Kaprizov is hit by Artturi Lehkonen and loses puck.
4:05 of 2nd period - Jonas Brodin is hit by Anze Kopitar and loses puck.
4:42 of 2nd period - Wrist shot by Anze Kopitar.
4:42 of 2nd period - Shot Misses the Net.
4:44 of 2nd period - Slapshot by Nate Schmidt.
4:44 of 2nd period - Stopped by Frederik Andersen without a rebound.
4:45 of 2nd period - Mark Scheifele wins face-off versus Barclay Goodrow in Kraken zone.
4:50 of 2nd period - Wrist shot by Kevin Fiala.
4:50 of 2nd period - Stopped by Frederik Andersen with a rebound.
5:22 of 2nd period - Wrist shot by Tomas Tatar.
5:22 of 2nd period - Shot Misses the Net.
5:36 of 2nd period - Wrist shot by Curtis Lazar.
5:36 of 2nd period - Stopped by Tristan Jarry without a rebound.
5:37 of 2nd period - Ryan Poehling wins face-off versus Max Comtois in Jets zone.
5:38 of 2nd period - Snap shot by Curtis Lazar.
5:38 of 2nd period - Shot Misses the Net.
5:44 of 2nd period - Trent Frederic is hit by Ian Cole and loses puck.
6:21 of 2nd period - Nick Foligno is hit by Ryan Poehling and loses puck.
6:39 of 2nd period - Off-side.
6:40 of 2nd period - Mark Scheifele wins face-off versus Barclay Goodrow in neutral zone.
6:47 of 2nd period - Snap shot by Mark Scheifele.
6:47 of 2nd period - Shot Blocked by Vladimir Tarasenko.
6:49 of 2nd period - Slapshot by Samuel Girard.
6:49 of 2nd period - Stopped by Frederik Andersen without a rebound.
6:50 of 2nd period - Barclay Goodrow wins face-off versus Mark Scheifele in Kraken zone.
6:50 of 2nd period - Barclay Goodrow is hit by Samuel Girard.
7:02 of 2nd period - Snap shot by Mark Scheifele.
7:02 of 2nd period - Shot Blocked by Seth Jones.
7:04 of 2nd period - Wrist shot by Kevin Fiala.
7:04 of 2nd period - Deflect By Mark Scheifele.
7:04 of 2nd period - Stopped by Frederik Andersen without a rebound.
7:05 of 2nd period - Barclay Goodrow wins face-off versus Anze Kopitar in Kraken zone.
7:09 of 2nd period - Minor Penalty to Seth Jones for Tripping.
7:10 of 2nd period - Mark Scheifele wins face-off versus Radek Faksa in Kraken zone.
9:09 of 2nd period - Penalty to Seth Jones is over, Seth Jones is back on ice.
9:42 of 2nd period - Snap shot by Radek Faksa.
9:42 of 2nd period - Stopped by Tristan Jarry without a rebound.
9:43 of 2nd period - Mark Scheifele wins face-off versus Ryan Hartman in Jets zone.
9:51 of 2nd period - Off-side.
9:52 of 2nd period - Mark Scheifele wins face-off versus Ryan Hartman in neutral zone.
9:52 of 2nd period - Mark Scheifele is hit by Artturi Lehkonen.
9:58 of 2nd period - Wrist shot by Kevin Fiala.
9:58 of 2nd period - Stopped by Frederik Andersen without a rebound.
9:59 of 2nd period - Mark Scheifele wins face-off versus Ryan Hartman in Kraken zone.
10:00 of 2nd period - Slapshot by Kevin Fiala.
10:00 of 2nd period - Stopped by Frederik Andersen without a rebound.
10:01 of 2nd period - Ryan Hartman wins face-off versus Mark Scheifele in Kraken zone.
10:18 of 2nd period - Snap shot by Artturi Lehkonen.
10:18 of 2nd period - Shot Misses the Net.
10:34 of 2nd period - Connor Dewar is hit by Oliver Bjorkstrand and loses puck.
10:57 of 2nd period - Icing by Ryan Donato.
10:58 of 2nd period - Radek Faksa wins face-off versus Max Comtois in Kraken zone.
11:03 of 2nd period - Slapshot by Jonas Brodin.
11:03 of 2nd period - Shot Misses the Net.
11:24 of 2nd period - Snap shot by Nick Foligno.
11:24 of 2nd period - Shot Misses the Net.
11:40 of 2nd period - Snap shot by Nick Foligno.
11:40 of 2nd period - Stopped by Frederik Andersen with a rebound.
11:55 of 2nd period - Slapshot by T.J. Brodie.
11:55 of 2nd period - Shot Misses the Net.
11:59 of 2nd period - Snap shot by Trent Frederic.
11:59 of 2nd period - Stopped by Frederik Andersen without a rebound.
12:00 of 2nd period - Barclay Goodrow wins face-off versus Mark Scheifele in Kraken zone.
12:13 of 2nd period - Slapshot by Oliver Bjorkstrand.
12:13 of 2nd period - Shot Blocked by Lawson Crouse.
12:15 of 2nd period - Backhand shot by Oliver Bjorkstrand.
12:15 of 2nd period - Shot Misses the Net.
12:17 of 2nd period - Snap shot by Oliver Bjorkstrand.
12:17 of 2nd period - Shot Misses the Net.
12:37 of 2nd period - Slapshot by Artturi Lehkonen.
12:37 of 2nd period - Shot Blocked by Anze Kopitar.
12:43 of 2nd period - Minor Penalty to Josh Brown for Boarding.
12:44 of 2nd period - Anze Kopitar wins face-off versus Ryan Hartman in Jets zone.
12:44 of 2nd period - Anze Kopitar is hit by Ryan Hartman.
12:56 of 2nd period - Snap shot by David Perron.
12:56 of 2nd period - Stopped by Tristan Jarry without a rebound.
12:57 of 2nd period - Anze Kopitar wins face-off versus Ryan Poehling in Jets zone.
13:33 of 2nd period - Slapshot by Ryan Hartman.
13:33 of 2nd period - Stopped by Tristan Jarry without a rebound.
13:34 of 2nd period - Anze Kopitar wins face-off versus Artturi Lehkonen in Jets zone.
13:58 of 2nd period - Oliver Bjorkstrand is hit by Adam Larsson and loses puck.
14:11 of 2nd period - Mark Scheifele is hit by David Perron and loses puck.
14:43 of 2nd period - Penalty to Josh Brown is over, Josh Brown is back on ice.
15:49 of 2nd period - Wrist shot by Radek Faksa.
15:49 of 2nd period - Stopped by Tristan Jarry without a rebound.
15:50 of 2nd period - Alexei Toropchenko wins face-off versus Mark Scheifele in Jets zone.
15:51 of 2nd period - Slapshot by Radek Faksa.
15:51 of 2nd period - Shot Misses the Net.
16:11 of 2nd period - Wrist shot by Kirill Kaprizov.
16:11 of 2nd period - Shot Misses the Net.
16:13 of 2nd period - Wrist shot by Kaapo Kakko.
16:13 of 2nd period - Shot Blocked by Ryan Donato.
16:15 of 2nd period - Slapshot by T.J. Brodie.
16:15 of 2nd period - Goal by T.J. Brodie - Kraken : 1 - Jets : 1.
16:16 of 2nd period - Anze Kopitar wins face-off versus Barclay Goodrow in neutral zone.
16:19 of 2nd period - Jonas Brodin is hit by T.J. Brodie and loses puck.
16:42 of 2nd period - T.J. Brodie is hit by Ryan Hartman and loses puck.
17:00 of 2nd period - Icing by David Perron.
17:01 of 2nd period - Ryan Hartman wins face-off versus Tomas Tatar in Kraken zone.
17:12 of 2nd period - Snap shot by Oliver Bjorkstrand.
17:12 of 2nd period - Stopped by Tristan Jarry without a rebound.
17:13 of 2nd period - Kirill Kaprizov wins face-off versus Barclay Goodrow in Jets zone.
17:28 of 2nd period - Snap shot by Oliver Bjorkstrand.
17:28 of 2nd period - Shot Misses the Net.
17:30 of 2nd period - Slapshot by Ian Cole.
17:30 of 2nd period - Stopped by Tristan Jarry without a rebound.
17:31 of 2nd period - Ryan Hartman wins face-off versus Mark Scheifele in Jets zone.
17:34 of 2nd period - Snap shot by David Perron.
17:34 of 2nd period - Shot Blocked by Mark Scheifele.
17:36 of 2nd period - Slapshot by Jonas Brodin.
17:36 of 2nd period - Stopped by Tristan Jarry with a rebound.
17:38 of 2nd period - Slapshot by Jonas Brodin.
17:38 of 2nd period - Deflect By Ryan Hartman.
17:38 of 2nd period - Shot Blocked by Samuel Girard.
17:38 of 2nd period - Puck is out of play.
17:39 of 2nd period - Mark Scheifele wins face-off versus Ryan Hartman in Jets zone.
17:52 of 2nd period - Snap shot by Mark Scheifele.
17:52 of 2nd period - Stopped by Frederik Andersen with a rebound.
18:00 of 2nd period - Slapshot by Seth Jones.
18:00 of 2nd period - Shot Hit the Post.
18:15 of 2nd period - Backhand shot by David Perron.
18:15 of 2nd period - Stopped by Tristan Jarry without a rebound.
18:16 of 2nd period - Anze Kopitar wins face-off versus Barclay Goodrow in Jets zone.
19:17 of 2nd period - Slapshot by Curtis Lazar.
19:17 of 2nd period - Shot Misses the Net.
19:19 of 2nd period - Slapshot by Connor Murphy.
19:19 of 2nd period - Shot Blocked by Samuel Girard.
Goals for this period are 0 for Kraken vs 1 for Jets.
Shots for this period are 10 for Kraken vs 11 for Jets.

3rd period


0:01 of 3rd period - Barclay Goodrow wins face-off versus Mark Scheifele in neutral zone.
0:06 of 3rd period - Wrist shot by Oliver Bjorkstrand.
0:06 of 3rd period - Shot Blocked by Dougie Hamilton.
0:08 of 3rd period - Backhand shot by Oliver Bjorkstrand.
0:08 of 3rd period - Shot Misses the Net.
0:10 of 3rd period - Slapshot by Seth Jones.
0:10 of 3rd period - Shot Blocked by Adam Larsson.
0:56 of 3rd period - Wrist shot by Tomas Tatar.
0:56 of 3rd period - Stopped by Frederik Andersen without a rebound.
0:57 of 3rd period - Barclay Goodrow wins face-off versus Tyler Bertuzzi in Kraken zone.
0:57 of 3rd period - Barclay Goodrow is hit by Connor Dewar.
1:03 of 3rd period - Slapshot by Connor Murphy.
1:03 of 3rd period - Shot Misses the Net.
1:05 of 3rd period - Snap shot by Oliver Bjorkstrand.
1:05 of 3rd period - Deflect By Vladimir Tarasenko.
1:05 of 3rd period - Shot Misses the Net.
1:05 of 3rd period - Puck is out of play.
1:06 of 3rd period - Barclay Goodrow wins face-off versus Mark Scheifele in Jets zone.
1:07 of 3rd period - Snap shot by Vladimir Tarasenko.
1:07 of 3rd period - Stopped by Tristan Jarry with a rebound.
1:09 of 3rd period - Wrist shot by Oliver Bjorkstrand.
1:09 of 3rd period - Shot Misses the Net.
1:11 of 3rd period - Wrist shot by Oliver Bjorkstrand.
1:11 of 3rd period - Stopped by Tristan Jarry with a rebound.
1:13 of 3rd period - Backhand shot by Connor Murphy.
1:13 of 3rd period - Shot Misses the Net.
1:19 of 3rd period - Wrist shot by Vladimir Tarasenko.
1:19 of 3rd period - Shot Misses the Net.
1:23 of 3rd period - Slapshot by Oliver Bjorkstrand.
1:23 of 3rd period - Stopped by Tristan Jarry without a rebound.
1:24 of 3rd period - Ryan Hartman wins face-off versus Anze Kopitar in Jets zone.
1:29 of 3rd period - Snap shot by Ryan Hartman.
1:29 of 3rd period - Stopped by Tristan Jarry without a rebound.
1:30 of 3rd period - Ryan Hartman wins face-off versus Anze Kopitar in Jets zone.
2:03 of 3rd period - Backhand shot by Kevin Fiala.
2:03 of 3rd period - Stopped by Frederik Andersen without a rebound.
2:04 of 3rd period - Barclay Goodrow wins face-off versus Mark Scheifele in Kraken zone.
3:00 of 3rd period - Icing by Ryan Hartman.
3:01 of 3rd period - Anze Kopitar wins face-off versus Ryan Hartman in Kraken zone.
3:16 of 3rd period - Slapshot by Artturi Lehkonen.
3:16 of 3rd period - Shot Blocked by Dougie Hamilton.
3:40 of 3rd period - Off-side.
3:41 of 3rd period - Connor Dewar wins face-off versus Barclay Goodrow in neutral zone.
4:18 of 3rd period - Snap shot by Samuel Girard.
4:18 of 3rd period - Deflect By Seth Jones.
4:18 of 3rd period - Stopped by Frederik Andersen without a rebound.
4:19 of 3rd period - Anze Kopitar wins face-off versus Radek Faksa in Kraken zone.
4:24 of 3rd period - Snap shot by Anze Kopitar.
4:24 of 3rd period - Shot Blocked by Ryan Donato.
4:26 of 3rd period - Snap shot by Anze Kopitar.
4:26 of 3rd period - Shot Blocked by Ryan Donato.
4:28 of 3rd period - Wrist shot by Kirill Kaprizov.
4:28 of 3rd period - Shot Blocked by Justin Holl.
4:30 of 3rd period - Wrist shot by Kirill Kaprizov.
4:30 of 3rd period - Stopped by Frederik Andersen with a rebound.
4:42 of 3rd period - Minor Penalty to Radek Faksa for High sticking.
4:43 of 3rd period - Curtis Lazar wins face-off versus Mark Scheifele in Kraken zone.
4:51 of 3rd period - Off-side.
4:52 of 3rd period - Mark Scheifele wins face-off versus Curtis Lazar in neutral zone.
5:05 of 3rd period - Wrist shot by Mark Scheifele.
5:05 of 3rd period - Stopped by Frederik Andersen without a rebound.
5:06 of 3rd period - Mark Scheifele wins face-off versus Curtis Lazar in Kraken zone.
5:23 of 3rd period - Snap shot by Kevin Fiala.
5:23 of 3rd period - Shot Misses the Net.
6:42 of 3rd period - Penalty to Radek Faksa is over, Radek Faksa is back on ice.
7:03 of 3rd period - Connor Dewar is hit by Ryan Hartman and loses puck.
7:10 of 3rd period - Backhand shot by Josh Brown.
7:10 of 3rd period - Stopped by Frederik Andersen with a rebound.
7:12 of 3rd period - Slapshot by Josh Brown.
7:12 of 3rd period - Shot Blocked by Connor Murphy.
7:14 of 3rd period - Slapshot by Connor Dewar.
7:14 of 3rd period - Goal by Connor Dewar - Kraken : 1 - Jets : 2.
7:15 of 3rd period - Anze Kopitar wins face-off versus Barclay Goodrow in neutral zone.
7:18 of 3rd period - Vladimir Tarasenko is hit by Adam Larsson and loses puck.
8:24 of 3rd period - Snap shot by Alexei Toropchenko.
8:24 of 3rd period - Shot Blocked by T.J. Brodie.
8:30 of 3rd period - Snap shot by Curtis Lazar.
8:30 of 3rd period - Shot Blocked by Kaapo Kakko.
8:32 of 3rd period - Slapshot by Justin Holl.
8:32 of 3rd period - Stopped by Tristan Jarry without a rebound.
8:33 of 3rd period - Mark Scheifele wins face-off versus Ryan Hartman in Jets zone.
8:48 of 3rd period - Snap shot by Mark Scheifele.
8:48 of 3rd period - Stopped by Frederik Andersen without a rebound.
8:49 of 3rd period - Anze Kopitar wins face-off versus Barclay Goodrow in Kraken zone.
8:58 of 3rd period - Slapshot by Seth Jones.
8:58 of 3rd period - Stopped by Tristan Jarry with a rebound.
9:00 of 3rd period - Snap shot by Oliver Bjorkstrand.
9:00 of 3rd period - Shot Hit the Post.
9:02 of 3rd period - Wrist shot by Barclay Goodrow.
9:02 of 3rd period - Shot Blocked by Anze Kopitar.
9:04 of 3rd period - Slapshot by Jonas Brodin.
9:04 of 3rd period - Stopped by Tristan Jarry without a rebound.
9:05 of 3rd period - Radek Faksa wins face-off versus Mark Scheifele in Jets zone.
9:23 of 3rd period - Icing by Kevin Fiala.
9:24 of 3rd period - Barclay Goodrow wins face-off versus Mark Scheifele in Jets zone.
9:37 of 3rd period - Snap shot by Lawson Crouse.
9:37 of 3rd period - Goal by Lawson Crouse - Kraken : 1 - Jets : 3.
9:38 of 3rd period - Barclay Goodrow wins face-off versus Anze Kopitar in neutral zone.
10:11 of 3rd period - Snap shot by Mark Scheifele.
10:11 of 3rd period - Shot Blocked by Connor Murphy.
11:03 of 3rd period - Vladimir Tarasenko is hit by Connor Dewar and loses puck.
11:08 of 3rd period - Snap shot by Tomas Tatar.
11:08 of 3rd period - Shot Misses the Net.
11:10 of 3rd period - Snap shot by Connor Dewar.
11:10 of 3rd period - Stopped by Frederik Andersen with a rebound.
11:12 of 3rd period - Slapshot by Connor Dewar.
11:12 of 3rd period - Deflect By Tomas Tatar.
11:12 of 3rd period - Stopped by Frederik Andersen with a rebound.
11:14 of 3rd period - Snap shot by Tomas Tatar.
11:14 of 3rd period - Shot Misses the Net.
11:16 of 3rd period - Slapshot by Samuel Girard.
11:16 of 3rd period - Stopped by Frederik Andersen without a rebound.
11:17 of 3rd period - Anze Kopitar wins face-off versus Ryan Hartman in Kraken zone.
11:28 of 3rd period - Wrist shot by Artturi Lehkonen.
11:28 of 3rd period - Stopped by Tristan Jarry with a rebound.
11:30 of 3rd period - Slapshot by Jonas Brodin.
11:30 of 3rd period - Deflect By David Perron.
11:30 of 3rd period - Shot Misses the Net.
11:30 of 3rd period - Puck is out of play.
11:31 of 3rd period - Anze Kopitar wins face-off versus Oliver Bjorkstrand in Jets zone.
11:36 of 3rd period - Snap shot by Anze Kopitar.
11:36 of 3rd period - Shot Misses the Net.
11:38 of 3rd period - Slapshot by Dougie Hamilton.
11:38 of 3rd period - Shot Misses the Net.
11:40 of 3rd period - Slapshot by Adam Larsson.
11:40 of 3rd period - Stopped by Frederik Andersen without a rebound.
11:41 of 3rd period - Barclay Goodrow wins face-off versus Anze Kopitar in Kraken zone.
12:33 of 3rd period - Wrist shot by Kirill Kaprizov.
12:33 of 3rd period - Stopped by Frederik Andersen without a rebound.
12:34 of 3rd period - Mark Scheifele wins face-off versus Radek Faksa in Kraken zone.
13:13 of 3rd period - Snap shot by Artturi Lehkonen.
13:13 of 3rd period - Shot Misses the Net.
13:23 of 3rd period - Slapshot by Ryan Poehling.
13:23 of 3rd period - Stopped by Tristan Jarry with a rebound.
14:17 of 3rd period - Wrist shot by Mark Scheifele.
14:17 of 3rd period - Shot Misses the Net.
14:23 of 3rd period - Mark Scheifele is hit by Jonas Brodin and loses puck.
14:40 of 3rd period - Snap shot by Ryan Poehling.
14:40 of 3rd period - Stopped by Tristan Jarry without a rebound.
14:41 of 3rd period - Mark Scheifele wins face-off versus Ryan Hartman in Jets zone.
15:08 of 3rd period - Tyler Bertuzzi is hit by Connor Murphy and loses puck.
15:19 of 3rd period - Snap shot by Connor Dewar.
15:19 of 3rd period - Shot Misses the Net.
15:39 of 3rd period - Wrist shot by Kirill Kaprizov.
15:39 of 3rd period - Stopped by Frederik Andersen without a rebound.
15:40 of 3rd period - Artturi Lehkonen wins face-off versus Mark Scheifele in Kraken zone.
15:53 of 3rd period - Snap shot by Artturi Lehkonen.
15:53 of 3rd period - Shot Misses the Net.
15:55 of 3rd period - Slapshot by David Perron.
15:55 of 3rd period - Stopped by Tristan Jarry with a rebound.
15:57 of 3rd period - Slapshot by Ryan Hartman.
15:57 of 3rd period - Stopped by Tristan Jarry without a rebound.
15:58 of 3rd period - Radek Faksa wins face-off versus Connor Dewar in Jets zone.
16:29 of 3rd period - Off-side.
16:30 of 3rd period - Mark Scheifele wins face-off versus Ryan Hartman in neutral zone.
16:42 of 3rd period - Slapshot by Adam Larsson.
16:42 of 3rd period - Shot Hit the Post.
16:44 of 3rd period - Snap shot by Mark Scheifele.
16:44 of 3rd period - Goal by Mark Scheifele - Kraken : 1 - Jets : 4.
16:45 of 3rd period - Kirill Kaprizov wins face-off versus Barclay Goodrow in neutral zone.
17:12 of 3rd period - Adam Larsson is hit by Jonas Brodin and loses puck.
17:35 of 3rd period - Wrist shot by Radek Faksa.
17:35 of 3rd period - Shot Misses the Net.
18:35 of 3rd period - Max Comtois is hit by Seth Jones.
18:43 of 3rd period - Snap shot by Artturi Lehkonen.
18:43 of 3rd period - Shot Blocked by Samuel Girard.
18:55 of 3rd period - Snap shot by Tyler Bertuzzi.
18:55 of 3rd period - Goal by Tyler Bertuzzi - Kraken : 1 - Jets : 5.
18:56 of 3rd period - Anze Kopitar wins face-off versus Barclay Goodrow in neutral zone.
18:56 of 3rd period - Adam Larsson beats up Seth Jones.
18:56 of 3rd period - Penalty to Adam Larsson for Fighting.
18:56 of 3rd period - Penalty to Seth Jones for Fighting.
18:56 of 3rd period - Penalty to Adam Larsson for instigated a fight.
18:56 of 3rd period - Penalty to Adam Larsson for instigated a fight.
18:57 of 3rd period - Ryan Poehling wins face-off versus Anze Kopitar in neutral zone.
Goals for this period are 0 for Kraken vs 4 for Jets.
Shots for this period are 12 for Kraken vs 17 for Jets.